 Dungeon Crawl Stone Soup version 0.29.1-1-gd02db6906a (webtiles) character file.

Game seed: 16309105114107750160

82 xian the Ogre Mage (level 4, -1/42 HPs)
             Began as an Ogre Wanderer on Oct 3, 2022.
             Slain by a gnoll
             ... wielding a +0 halberd
              (15 damage)
             ... on level 3 of the Dungeon.
             The game lasted 00:05:16 (2992 turns).

xian the Ogre Mage (Ogre Wanderer)                  Turns: 2992, Time: 00:05:18

Health: -1/42      AC:  3    Str: 16    XL:     4   Next: 43%
Magic:  2/9        EV:  9    Int: 19    God:
Gold:   159        SH:  0    Dex:  4    Spells: 1/9 levels left

rFire   + . .      SeeInvis .   i - +0 dagger
rCold   x . .      Faith    .   (no shield)
rNeg    . . .      Spirit   .   c - +0 robe
rPois   .          Reflect  .   (helmet restricted)
rElec   .          Harm     .   (no cloak)
rCorr   .          Rampage  .   (gloves unavailable)
Will    .....                   (boots unavailable)
Stlth   +.........              (no amulet)
HPRegen 0.14/turn               h - ring of fire
MPRegen 0.11/turn               (no ring)

@: no status effects
A: large, unfitting armour, tough skin 1
a: no special abilities


You were on level 3 of the Dungeon.
You visited 1 branch of the dungeon, and saw 3 of its levels.

You collected 159 gold pieces.

Inventory:

Hand Weapons
 i - a +0 dagger (weapon)
Missiles
 r - a throwing net
Armour
 c - a +0 robe (worn)
Jewellery
 h - a ring of fire (left hand)
Scrolls
 a - 2 scrolls of identify {unknown}
 b - 4 scrolls of teleportation
 e - a scroll of amnesia {unknown}
 f - a scroll of acquirement {unknown}
 g - a scroll of magic mapping {unknown}
 m - a scroll of butterflies {unknown}
Potions
 d - a potion of haste {unknown}
 j - 2 potions of flight {unknown}
 k - a potion of curing {unknown}
 l - a potion of mutation {unknown}
 n - a potion of cancellation {unknown}
 o - a potion of attraction {unknown}
 p - 3 potions of lignification {unknown}
 q - a potion of heal wounds {unknown}


   Skills:
 + Level 1.9 Fighting
 + Level 0.1 Short Blades
 + Level 2.7 Dodging
 + Level 3.3 Spellcasting
 + Level 3.0 Hexes
 * Level 2.6 Earth Magic


You had one spell level left.
You knew the following spells:

 Your Spells              Type           Power      Damage    Failure   Level
a - Sandblast             Erth           26%        2d8       4%          1
b - Stone Arrow           Conj/Erth      16%        3d8       26%         3
c - Summon Guardian Gole  Hex/Summ       8%         N/A       24%         3
d - Slow                  Hex            56%        N/A       4%          1

Your spell library contained the following spells:

 Spells                   Type           Power      Damage    Failure   Level
 Apportation              Tloc           6%         N/A       14%         1
 Portal Projectile        Hex/Tloc       16%        N/A       24%         3
 Ignite Poison            Fire/Tmut/Pois 4%         N/A       41%         3
 Mephitic Cloud           Conj/Pois/Air  3%         N/A       41%         3
 Alistair's Intoxication  Tmut/Pois      2%         N/A       99%         5
 Freezing Cloud           Conj/Ice/Air   1%         6-21      99%         5


Dungeon Overview and Level Annotations

Branches:
Dungeon (3/15)

Altars:


Innate Abilities, Weirdness & Mutations

You are too large for most types of armour.
You have tough skin. (AC +1)


Message History

The throwing net barely misses you.
The blast of sand hits the gnoll.
The gnoll is lightly wounded.
The gnoll hits you from afar with a +0 spear.
A gnoll comes into view. It is wielding a +0 halberd.
The blast of sand hits the gnoll.
The gnoll is heavily wounded.
The gnoll shouts!
The gnoll closely misses you.
A gnoll comes into view. It is wielding a +0 whip.
The gnoll hits you from afar with a +0 spear.
The blast of sand misses the gnoll.
The gnoll shouts!
You hear an angry hiss.
The gnoll hits you from afar with a +0 spear.
The blast of sand hits the gnoll!
The gnoll is almost dead.
The gnoll barely misses you.
The gnoll hits you from afar with a +0 spear.
The gnoll throws a stone.
The stone hits you.
You see here a throwing net.
r - a throwing net The gnoll closely misses you.
The gnoll hits you from afar with a +0 spear.
You are too injured to fight recklessly!
Aiming: Sandblast (safe; 5% risk of failure)
Press: ? - help, Q - select action, (/) - cycle Shift-Dir - straight line, f/p - gnoll
Aim: a gnoll, wielding a +0 spear (almost dead, 84% to hit)
The blast of sand hits the gnoll.
You kill the gnoll!
The gnoll throws a stone.
The stone hits you.
Sorry, you're not good enough to have a special ability.
Unknown command.
You are too injured to fight recklessly!
Aiming: Sandblast (safe; 4% risk of failure)
Press: ? - help, Q - select action, (/) - cycle Shift-Dir - straight line, f - gnoll
Aim: a gnoll, wielding a +0 halberd (84% to hit)
The blast of sand hits the gnoll!
The gnoll is severely wounded.
The gnoll hits you from afar with a +0 halberd!
You die...

##### #...#
#.#g########
#.#g#......#
#g#.#.####.#
######.#@#.#....#
#.....g#<#.#.####
#......###.#.###
#.)......gg....#
#......###.....#
. ########
#.....# .|
########....#...
................
#######..##....#


You could see 2 gnolls.

Vanquished Creatures
  A gnoll (D:3)
  2 adders
  A worm (D:2)
  A dart slug (D:2)
  2 orcs (D:3)
  2 ball pythons (D:2)
  3 endoplasms
  2 giant cockroaches (D:1)
  6 goblins
  4 hobgoblins
  4 jackals
  3 kobolds
  5 quokkas
  A frilled lizard (D:2)
  5 rats
42 creatures vanquished.

Notes
Turn   | Place    | Note
-------+----------+-------------------------------------------
     0 | D:1      | xian the Ogre Wanderer began the quest for the Orb.
     0 | D:1      | xian set off with the following items: a +0 club, a scroll
                  | of teleportation, a +0 robe; and the following spells
                  | available to memorise: Slow, Sandblast, Portal Projectile,
                  | Summon Guardian Golem, Stone Arrow.
     0 | D:1      | Reached XP level 1. HP: 19/19 MP: 3/3
   260 | D:1      | Learned a level 1 spell: Sandblast
   715 | D:1      | Reached XP level 2. HP: 27/27 MP: 1/5
  1483 | D:2      | Found a faded altar of an unknown god.
  1732 | D:2      | Reached XP level 3. HP: 29/33 MP: 1/7
  2887 | D:3      | Reached XP level 4. HP: 42/42 MP: 6/8
  2916 | D:3      | Learned a level 3 spell: Stone Arrow
  2920 | D:3      | Learned a level 3 spell: Summon Guardian Golem
  2922 | D:3      | Learned a level 1 spell: Slow
  2992 | D:3      | Slain by a gnoll

Illustrated notes

Levels and vault maps discovered:
D:1:      minmay_arrival_arboretum_small, layout_loops_corners
D:2:      layout_loops_ring, nicolae_ecumenical_pavilion, minmay_misc_feat_room,
          minmay_misc_feat_rows, nrook_loot_triangle
D:3:      layout_basic, serial_shops, nicolae_shop_competitors_out_of_business

Skill      XL: |  1  2  3 |
---------------+----------+-----
Hexes          | 3 |  3.0
Earth Magic    | 2 |  2.6
Spellcasting   | 3 |  3.3
Fighting       | |  1.9
Short Blades   | |  0.1
Dodging        | |  2.7

Action                   |  1- 3 |  4- 6 || total
-------------------------+-------+-------++-------
Melee: Club              |    30 |       ||    30
       Dagger            |    35 |       ||    35
 Cast: Sandblast         |    53 |    13 ||    66
Armor: Robe              |    26 |     1 ||    27
Dodge: Dodged            |    53 |     5 ||    58
